 Dungeon Crawl Stone Soup version 0.31-a0-188-g5e087ee2ca (webtiles) character file.

Game seed: 12137777496658498460

489 IdlyInterested the Slasher (level 6, -1/48 HPs)
             Began as a Demonspawn Gladiator on June 23, 2023.
             Slain by a gnoll
             ... wielding a +0 club
             ... led by a gnoll bouda
              (4 damage)
             ... on level 5 of the Dungeon.
             The game lasted 00:12:30 (4160 turns).

IdlyInterested the Slasher (Demonspawn Gladiator)   Turns: 4160, Time: 00:12:30

Health: -1/48      AC: 13    Str: 15    XL:     6   Next: 90%
Magic:  6/6        EV:  8    Int:  9    God:
Gold:   335        SH:  4    Dex: 16    Spells: 5/5 levels left

rFire   . . .        a - +1 long sword
rCold   . . .        (no shield)
rNeg    . . .        C - +0 chain mail
rPois   .            (helmet restricted)
rElec   .            (no cloak)
rCorr   .            y - +0 pair of gloves
SInv    .            (no boots)
Will    .....        (no amulet) Stlth
                     (no ring)
HPRegen 0.28/turn    (no ring)
MPRegen 0.10/turn

%: no passive effects
@: hasted, very quick
A: antennae 1, icemail 1, condensation shield
a: no special abilities


You were on level 5 of the Dungeon.
You visited 1 branch of the dungeon, and saw 5 of its levels.

You collected 335 gold pieces.

Inventory:

Hand Weapons
 a - a +1 long sword (weapon)
 i - a +0 short sword
 k - a +0 short sword of speed
 w - a +2 dagger of venom
Missiles
 d - 5 throwing nets
 e - a javelin
 r - 4 stones (quivered)
 s - 12 boomerangs
 x - 4 poisoned darts
Armour
 b - a +0 leather armour
 y - a +0 pair of gloves (worn)
 C - a +0 chain mail (worn)
Jewellery
 f - a ring of ice
 h - a ring of fire
Scrolls
 g - a scroll of summoning {unknown}
 j - a scroll of revelation {unknown}
 l - 3 scrolls of enchant weapon
 n - a scroll of enchant armour {unknown}
 o - a scroll of immolation
 q - a scroll of amnesia {unknown}
 u - 2 scrolls of poison
 z - a scroll of teleportation {unknown}
 E - a scroll of noise {unknown}
Potions
 c - a potion of brilliance
 p - a potion of enlightenment
 v - a potion of lignification {unknown}
 A - a potion of resistance {unknown}
 B - a potion of ambrosia {unknown}
 D - a potion of might {unknown}


   Skills:
 + Level 4.1 Fighting
 * Level 5.1 Long Blades
 - Level 2.0 Throwing
 - Level 1.0 Armour
 + Level 3.8 Dodging
 - Level 1.0 Stealth
 - Level 1.0 Evocations


You had 5 spell levels left.
You didn't know any spells.
Your spell library contained the following spells:

 Spells                   Type           Power      Damage    Failure   Level
 Gell's Gravitas          Tloc           0%         N/A       100%        3
 Teleport Other           Tloc           0%         N/A       100%        3
 Tukima's Dance           Hex            0%         N/A       100%        3
 Anguish                  Hex/Necr       0%         N/A       100%        4
 Cause Fear               Hex            0%         N/A       100%        4
 Passage of Golubria      Tloc           0%         N/A       100%        4
 Yara's Violent Unravell  Hex/Tmut       0%         3d3       100%        5
 Dispersal                Tloc           0%         N/A       100%        6
 Enfeeble                 Hex            0%         N/A       100%        7


Dungeon Overview and Level Annotations

Branches:
Dungeon (5/15)
 Temple: D:4-7

Altars:
Gozag
Hepliaklqana
Okawaru
Qazlal
Sif Muna
Uskayaw
Vehumet
Wu Jian

Shops:
D:1 :


Innate Abilities, Weirdness & Mutations

You have a pair of small antennae on your head.
A meltable icy envelope protects you from harm. (AC +4)
A meltable shield of frost defends you. (SH +4)


Message History

The gnoll bouda is heavily wounded.
The gnoll is no longer moving quickly. x2; The gnoll barely misses you.
The gnoll bouda barks out a call to the hunt!
The gnolls pick up the pace!
You slash the gnoll bouda!
The gnoll bouda is almost dead.
The gnoll hits you from afar with a +0 halberd.
The gnoll bouda hits you with a +0 club.
You slash the gnoll bouda!
You kill the gnoll bouda!
The gnoll is no longer moving quickly.
The gnoll closely misses you. The gnoll completely misses you.
You closely miss the gnoll. The gnoll hits you but does no damage.
The gnoll hits you from afar with a +0 halberd!
You barely miss the gnoll. The gnoll hits you with a +0 club.
The gnoll closely misses you.
You closely miss the gnoll. The gnoll hits you but does no damage.
The gnoll hits you from afar with a +0 halberd.
You barely miss the gnoll. The gnoll hits you but does no damage.
The gnoll hits you from afar with a +0 halberd!
* * * LOW HITPOINT WARNING * * *
You hit the gnoll.
The gnoll is heavily wounded.
The gnoll hits you with a +0 club.
* * * LOW HITPOINT WARNING * * *
The gnoll hits you from afar with a +0 halberd.
* * * LOW HITPOINT WARNING * * *
The gnoll hits you with a +0 club.
* * * LOW HITPOINT WARNING * * *
You feel better.
The gnoll hits you from afar with a +0 halberd.
* * * LOW HITPOINT WARNING * * *
The gnoll hits you but does no damage. The gnoll attacks as you move away!
You block the gnoll's attack. The gnoll attacks as you move away!
The gnoll hits you but does no damage.
You feel yourself speed up.
The gnoll hits you from afar with a +0 halberd.
* * * LOW HITPOINT WARNING * * *
The gnoll hits you with a +0 club.
You die...

.. #.......# ..#.
#..##.....# ##. ...
.........## ... # #.#
[.......### ####.# .#.#..
........)g###....##.#.#..
........##g{....##...#....
........#####...##.# ##...
........####..#.)..####...
.........@gg.####....###..
........###### ##)#......
......).####### #.####...
.###..........###.#......
#.....................
##.........#########...
######..........#.......#...
...................._...#...
######.<.......#.......#...


You could see 2 gnolls.

Vanquished Creatures
  An ogre (D:4)
  A phantom (D:5)
  A scorpion (D:4)
  A centaur zombie (D:5)
  A gnoll bouda (D:5)
  Ijyb (D:4)
  A statue (D:5)
  5 gnolls
  An adder (D:3)
  3 dart slugs (D:2)
  10 orcs
  7 endoplasms
  13 hobgoblins
  3 quokkas
  7 ball pythons
  5 bats
  A frilled lizard (D:1)
  13 goblins
  7 kobolds
  3 rats
85 creatures vanquished.

Notes
Turn   | Place    | Note
-------+----------+-------------------------------------------
     0 | D:1      | IdlyInterested the Demonspawn Gladiator began the quest for
                  | the Orb.
     0 | D:1      | Reached XP level 1. HP: 16/16 MP: 1/1
   415 | D:1      | Gained mutation: A meltable shield of frost defends you.
                  | (SH +4) [demonic ancestry]
   415 | D:1      | Reached XP level 2. HP: 22/22 MP: 2/2
   590 | D:1      | Found Bogus's Vocational Training.
  1062 | D:2      | Reached skill level 3 in Long Blades
  1207 | D:2      | Reached XP level 3. HP: 28/28 MP: 3/3
  1335 | D:2      | Reached skill level 1 in Stealth
  1795 | D:2      | Reached skill level 1 in Armour
  1798 | D:2      | Gained mutation: You have a pair of small antennae on your
                  | head. [demonic ancestry]
  1798 | D:2      | Reached XP level 4. HP: 19/34 MP: 4/4
  2265 | D:3      | Found a faded altar of an unknown god.
  2269 | D:3      | Found a hazy altar of Hepliaklqana.
  2847 | D:4      | Found a hide-covered altar of Uskayaw.
  2966 | D:4      | Found an iron altar of Okawaru.
  2969 | D:4      | Found an opulent altar of Gozag.
  2994 | D:4      | Noticed Ijyb
  2997 | D:4      | Noticed an ogre
  3000 | D:4      | Paralysed by Ijyb for 5 turns
  3009 | D:4      | Paralysed by Ijyb for 3 turns
  3025 | D:4      | Killed Ijyb
  3026 | D:4      | Reached skill level 1 in Evocations
  3135 | D:4      | Killed an ogre
  3136 | D:4      | Reached skill level 4 in Long Blades
  3136 | D:4      | Reached XP level 5. HP: 35/41 MP: 5/5
  3390 | D:4      | Found a shimmering blue altar of Sif Muna.
  3485 | D:4      | Gained mutation: A meltable icy envelope protects you from
                  | harm. (AC +4) [demonic ancestry]
  3485 | D:4      | Reached XP level 6. HP: 44/48 MP: 6/6
  3558 | D:4      | Found an ornate altar of the Wu Jian Council.
  3703 | D:4      | Found a stormy altar of Qazlal.
  3895 | D:5      | Entered Level 5 of the Dungeon
  4042 | D:5      | Found a radiant altar of Vehumet.
  4111 | D:5      | Reached skill level 5 in Long Blades
  4153 | D:5      | HP: 1/48 [gnoll/+0 club[a gnoll bouda] (3)]
  4160 | D:5      | Slain by a gnoll

Illustrated notes

Levels and vault maps discovered:
D:1:      evilmike_arrival_rings, layout_loops_corners, nicolae_shop_vocational
D:2:      layout_loops_ring, hangedman_decor_opposing
D:3:      cheibrodos_greedy_goblins, layout_basic,
          nicolae_overflow_ecumenical_swirl
D:4:      layout_basic, nicolae_overflow_squiral,
          nicolae_overflow_hidden_temple, kennysheep_orc_sif_temple,
          mainiacjoe_overflow_alcove_4, amcnicky_altar_gilded, uniq_ijyb
D:5:      layout_rooms, vehumet_statue, serial_undead, serial_undead_d,
          serial_undead_e, serial_undead_c, serial_undead_a

Skill      XL: |  1  2  3  4  5  6 |
---------------+-------------------+-----
Dodging        | 3 |  3.8
Throwing       | 2 |  2.0
Long Blades    | 3 4 5 |  5.1
Stealth        | 1 |  1.0
Armour         | 1 |  1.0
Fighting       | 3 4 |  4.1
Evocations     | 1 |  1.0

Action                     |  1- 3 |  4- 6 || total
---------------------------+-------+-------++-------
  Melee: Long sword        |   103 |   181 ||   284
         Punch             |     2 |       ||     2
  Throw: Javelin           |     1 |       ||     1
         Dart              |       |     1 ||     1
         Boomerang         |       |     1 ||     1
         Stone             |       |    11 ||    11
    Use: Scroll            |     5 |     2 ||     7
         Potion            |     1 |     3 ||     4
   Stab: Sleeping          |     1 |     3 ||     4
 Armour: Leather armour    |    34 |    19 ||    53
         Chain mail        |       |    41 ||    41
  Dodge: Dodged            |    68 |    73 ||   141
  Block: Other             |    13 |    28 ||    41

Table legend: (Time is in decaauts)
 A = Elapsed time spent in this place.
 B = Non-inter-level travel time spent in this place.
 C = Inter-level travel time spent in this place.
 D = Time resting spent in this place.
 E = Time spent auto-exploring this place.
 F = Levels seen in this place.
 G = Mean time per level.
                   A        B        C        D        E       F      G
               +--------+--------+--------+--------+--------+-----+--------+
         Total |   4229 |   3683 |    546 |    403 |   2186 |   5 |  845.8 |
       Dungeon |   4229 |   3683 |    546 |    403 |   2186 |   5 |  845.8 |
               +--------+--------+--------+--------+--------+-----+--------+

Top non-repeatable levels by time:
     D:1: 1160 daAuts
     D:4: 1116 daAuts
     D:2: 932 daAuts
     D:3: 854 daAuts
     D:5: 166 daAuts
